 Dungeon Crawl Stone Soup version 0.29.1-1-gd02db69 (webtiles) character file.

Game seed: 15666448767766247690

602 Timinator the Insei (level 6, -1/50 HPs)
             Began as a Demigod Transmuter on Jan 13, 2023.
             Splashed by a jelly's acid (7 damage)
             ... on level 4 of the Dungeon.
             The game lasted 00:11:47 (4718 turns).

Timinator the Insei (Demigod Transmuter)            Turns: 4718, Time: 00:11:47

Health: -1/50      AC: -10   Str: 15    XL:     6   Next: 97%
Magic:  10/11      EV: 12    Int: 15    God:
Gold:   191        SH:  0    Dex: 18    Spells: 4/9 levels left

rFire   . . .      SeeInvis .     - Unarmed
rCold   . . .      Faith    .   (no shield)
rNeg    . . .      Spirit   .   u - +0 ring mail
rPois   .          Reflect  .   (helmet currently unavailable)
rElec   .          Harm     .   (no cloak)
rCorr   .          Rampage  .   (no gloves)
Will    .....                   (boots currently unavailable)
Stlth   +.........              v - amulet of the acrobat
HPRegen 0.16/turn               (no ring)
MPRegen 0.12/turn               (no ring)

@: brilliant, appendages, corroded
A: horns 2, talons 2, high MP 1, forlorn, divine attributes
a: End Transformation


You were on level 4 of the Dungeon.
You had temporarily grown beastly horns and talons.
You visited 1 branch of the dungeon, and saw 4 of its levels.
You also visited: Sewer.

You collected 191 gold pieces.

Inventory:

Armour
 a - a +0 robe
 m - the +1 helmet of Fortification (melded) {Int+6 Dex+5}
   (You found it on level 2 of the Dungeon)

   Int:       It affects your intelligence (+6).
   Dex:       It affects your dexterity (+5).
 u - a +0 ring mail (worn)
Jewellery
 v - an amulet of the acrobat (around neck)
Scrolls
 e - 5 scrolls of identify {unknown}
 g - a scroll of vulnerability {unknown}
 i - a scroll of fog {unknown}
 j - a scroll of enchant weapon {unknown}
 k - a scroll of teleportation {unknown}
 l - 2 scrolls of fear {unknown}
 n - a scroll of enchant armour {unknown}
 t - a scroll of amnesia {unknown}
 w - a scroll of immolation {unknown}
Potions
 b - 2 potions of brilliance
 c - 3 potions of heal wounds {unknown}
 d - 2 potions of curing
 f - a potion of ambrosia {unknown}
 h - a potion of cancellation {unknown}
 o - a potion of experience {unknown}
 p - a potion of mutation {unknown}
 q - 2 potions of might {unknown}
 r - 2 potions of haste {unknown}
 s - 2 potions of magic {unknown}


   Skills:
 * Level 2.6 Fighting
 * Level 2.4 Armour
 * Level 3.8 Dodging
 + Level 4.6 Unarmed Combat
 - Level 2.0 Spellcasting
 * Level 3.2 Transmutations


You had 4 spell levels left.
You knew the following spells:

 Your Spells              Type           Power      Damage    Failure   Level
a - Beastly Appendage     Tmut           32%        N/A       12%         1
b - Wereblood             Tmut           16%        N/A       17%         2
c - Passwall              Tmut/Erth      7%         N/A       32%         2

Your spell library contained the following spells:

 Spells                   Type           Power      Damage    Failure   Level
 Foxfire                  Conj/Fire      8%         2x1d4     38%         1
 Ensorcelled Hibernation  Hex/Ice        4%         N/A       54%         2
 Spider Form              Tmut/Pois      9%         N/A       54%         3
 Conjure Flame            Conj/Fire      2%         6-21      77%         3
 Inner Flame              Hex/Fire       2%         N/A       77%         3
 Swiftness                Air            2%         N/A       77%         3
 Ice Form                 Ice/Tmut       9%         N/A       91%         4
 Flame Wave               Conj/Fire      2%         2d4       99%         4


Dungeon Overview and Level Annotations

Branches:
Dungeon (4/15)              Sewer (visited)
 Temple: D:4-7


Innate Abilities, Weirdness & Mutations

You have temporarily grown beastly horns and talons.
You have an increased reservoir of magic. (+10% MP)
You shall have no god before yourself.
Your divine heritage dramatically boosts your attributes as you level up.


Message History

Found a spear.
There is a stone staircase leading down here.
You now have 191 gold pieces (gained 4).
A jelly comes into view.
The jelly quivers.
You punch the jelly! The acid corrodes you!
Your hands burn!
The jelly is heavily wounded.
The jelly hits you but does no damage.
You hit the jelly. The acid corrodes you!
Your hands burn!
The jelly is severely wounded.
The jelly completely misses you.
You hit the jelly but do no damage.
Your hands burn!
The jelly is heavily wounded.
The jelly hits you.
You are splashed with acid!
You hit the jelly. The acid corrodes you!
Your hands burn!
The jelly is severely wounded.
The jelly hits you.
You are splashed with acid!
Casting: Wereblood (safe; 12% risk of failure)
Confirm with . or Enter, or press ? or * to list all spells.
You grow a pair of large bovine horns.
Your feet morph into talons.
The +1 helmet of Fortification {Int+6 Dex+5} melds into your body.
The jelly closely misses you.
You hit the jelly but do no damage. The acid corrodes you!
Your hands burn!
You claw the jelly, but do no damage.
You headbutt the jelly, but do no damage.
The jelly is severely wounded.
You hit the jelly.
Your hands burn!
* * * LOW HITPOINT WARNING * * *
You claw the jelly, but do no damage.
The jelly is almost dead.
The jelly hits you.
* * * LOW HITPOINT WARNING * * *
You are splashed with acid.
* * * LOW HITPOINT WARNING * * *
It was a potion of brilliance.
You feel clever all of a sudden. The jelly hits you.
* * * LOW HITPOINT WARNING * * *
You are splashed with acid!
You die...

#########..............########
.........................>.)..#
###...)....# #.........##.###.#
#........# #.........##.#
#........###........###.#
###.....................#.#
.....................##.#.#####
###............#........#.....#
#............#@########.###.#
##............#J# #.....#
##.............#.# #..####
...........#####.########..#
##...###.(...# #...........#
..........)..# ##########..#
.#######.....# #....#..# ..#
#.....# #####....#..# #.#
#.....# #.......(...#


You could see a jelly.

Vanquished Creatures
  Menkaure (D:4)
  A kobold brigand (Sewer)
  2 hounds (D:4)
  A jelly (D:4)
  Terence (D:2)
  An orc wizard (D:4)
  Robin (D:4)
  6 adders
  6 river rats (Sewer)
  A worm (D:4)
  2 dart slugs (D:4)
  8 orcs (D:4)
  5 bats
  7 endoplasms
  7 giant cockroaches
  17 goblins
  5 hobgoblins
  7 jackals (D:3)
  19 kobolds
  6 quokkas
  9 ball pythons
  A frilled lizard (D:2)
  22 rats
136 creatures vanquished.

Notes
Turn   | Place    | Note
-------+----------+-------------------------------------------
     0 | D:1      | Timinator the Demigod Transmuter began the quest for the
                  | Orb.
     0 | D:1      | Reached XP level 1. HP: 15/15 MP: 5/5
   154 | D:1      | Reached skill level 1 in Fighting
   297 | D:1      | Reached XP level 2. HP: 20/23 MP: 5/7
   465 | D:1      | Learned a level 2 spell: Wereblood
   560 | D:1      | Reached skill level 3 in Unarmed Combat
   723 | D:2      | Reached XP level 3. HP: 16/28 MP: 6/8
   841 | D:2      | Reached skill level 1 in Armour
  1181 | D:2      | Noticed Terence
  1207 | D:2      | Killed Terence
  1208 | D:2      | Reached XP level 4. HP: 15/35 MP: 9/9
  1436 | D:2      | Identified the +1 helmet of Fortification {Int+6 Dex+5}
  1622 | D:2      | Learned a level 2 spell: Passwall
  2357 | D:3      | Found a glowing drain.
  2362 | Sewer    | Entered a sewer
  2502 | Sewer    | Reached XP level 5. HP: 30/41 MP: 7/10
  3857 | D:4      | Reached skill level 4 in Unarmed Combat
  3857 | D:4      | Reached XP level 6. HP: 38/48 MP: 11/11
  4428 | D:4      | Noticed Menkaure
  4446 | D:4      | Killed Menkaure
  4634 | D:4      | Noticed Robin
  4654 | D:4      | Killed Robin
  4718 | D:4      | Splashed by a jelly's acid

Illustrated notes

Levels and vault maps discovered:
D:1:      lightli_arrival_windingriver, layout_rooms
D:2:      layout_rooms, minmay_worlds_worst_comb, uniq_terence
D:3:      layout_basic, minitemple, portal_sewer_entry_e
D:4:      layout_basic, grunt_ministairs_3, uniq_menkaure, uniq_robin

Skill      XL: |  1  2  3  4  5  6 |
---------------+-------------------+-----
Fighting       | 1 2 |  2.6
Spellcasting   | 2 |  2.0
Dodging        | 2 3 |  3.8
Unarmed Combat | 3 4 |  4.6
Transmutations | 2 3 |  3.2
Armour         | 1 2 |  2.4

Action                   |  1- 3 |  4- 6 || total
-------------------------+-------+-------++-------
Melee: Unarmed           |    74 |   383 ||   457
       Headbutt          |     7 |    18 ||    25
       Kick              |    10 |    25 ||    35
       Punch             |     3 |    10 ||    13
 Cast: Beastly Appendage |    13 |    13 ||    26
       Wereblood         |     1 |    20 ||    21
  Use: Potion            |     2 |     2 ||     4
 Stab: Sleeping          |     1 |     3 ||     4
Armor: Robe              |    13 |    77 ||    90
       Skin              |    16 |       ||    16
       Ring mail         |       |     6 ||     6
Dodge: Dodged            |    45 |   255 ||   300
